Map: 어스름 탑

Players

hydra - Winner!

  • Race: Zerg Zerg

Lambo

  • Race: Zerg Zerg
  • League: Grandmaster

Event: DreamHack ZOWIE Open Leipzig

VOD

Have the link to the VOD?

Description

Time

  • Played on: Jan. 22, 2016, 8:10 a.m.
  • Length: 8:02

All games in this series

Show
View Real Time Build Order
Export as new Build Order

hydra Zerg - Winner!

Build Orders: Hatch First 

Get SALT Encoding   

  12  0:00  Drone  
  13  0:12  Overlord  
  13  0:17  Drone  
  14  0:30  Drone x2  
  14  0:34  Drone  
  17  0:51  Hatchery  
  17  0:54  Drone  
  17  0:57  Drone  
  18  1:05  Extractor  
  17  1:12  Spawning Pool  
  17  1:15  Drone  
  17  1:18  Drone  
  18  1:27  Drone  
  19  1:38  Overlord  
  19  1:53  Drone  
  20  1:58  Queen  
  20  1:59  Zergling x2  
  23  2:02  Queen  
  23  2:03  Drone  
  23  2:06  Metabolic Boost  
  26  2:10  Drone  
  26  2:13  Drone  
  28  2:21  Drone  
  29  2:25  Drone  
  30  2:34  Drone, Queen  
  30  2:37  Overlord  
  33  2:43  Drone  
  34  2:47  Drone  
  35  2:58  Hatchery  
  35  3:00  Drone  
  35  3:01  Drone  
  36  3:06  Zergling x8  
  36  3:09  Overlord  
  40  3:13  Drone  
  41  3:20  Zergling x6  
  41  3:24  Overlord  
  44  3:29  Drone  
  45  3:35  Drone  
  45  3:37  Queen  
  45  3:39  Drone  
  45  3:41  Drone  
  50  3:42  Drone  
  50  3:43  Drone x2  
  50  3:45  Drone  
  50  3:46  Drone  
  53  3:58  Drone  
  53  3:59  Roach Warren, Zergling x2  
  53  4:00  Zergling x2  
  54  4:02  Overlord  
  54  4:07  Extractor  
  54  4:08  Extractor  
  52  4:11  Lair  
  52  4:13  Drone  
  52  4:17  Drone x2  
  52  4:20  Zergling x2  
  52  4:21  Zergling x10  
  60  4:27  Overlord  
  60  4:41  Roach x4  
  60  4:44  Roach  
  60  4:45  Roach x3  
  76  4:47  Roach  
  76  4:48  Roach  
  76  4:52  Drone  
  81  4:59  Drone x3  
  81  5:06  Overlord x2  
  80  5:07  Drone  
  80  5:08  Evolution Chamber  
  80  5:10  Drone  
  80  5:11  Drone  
  81  5:18  Glial Reconstitution  
  81  5:21  Drone  
  81  5:26  Drone  
  82  5:28  Drone  
  82  5:29  Drone x7  
  82  5:32  Extractor  
  82  5:33  Extractor x2  
  82  5:34  Drone  
  82  5:35  Drone x2  
  90  5:38  Roach x2  
  90  5:42  Overlord  
  93  5:43  Overseer  
  93  5:46  Drone  
  93  5:48  Zerg Missile Weapons Level 1, Drone  
  93  5:49  Drone  
  96  5:50  Drone  
  96  5:52  Drone  
  98  5:57  Overlord  
  98  6:02  Ravager x3  
  101  6:05  Drone x3  
  101  6:06  Drone  
  101  6:08  Drone  
  101  6:10  Overlord x3  
  106  6:17  Ravager x3  
  109  6:22  Roach x2  
  113  6:31  Roach  
  113  6:32  Roach x7  
  128  6:37  Overlord x2  
  125  6:41  Roach  
  125  6:42  Roach x2  
  125  6:44  Ravager x2  
  132  6:50  Overlord x3  
  132  6:55  Roach  
  132  6:56  Roach x3  
  132  7:01  Drone  
  141  7:05  Ravager x3  
  144  7:08  Hatchery  
  144  7:10  Ravager  
  144  7:14  Roach  
  144  7:15  Roach x3  
  152  7:19  Roach  
  152  7:20  Roach x2  
  158  7:23  Roach  
  158  7:24  Roach  
  158  7:27  Roach x3  
  168  7:35  Roach x5  
  178  7:40  Overlord x3  
  178  7:41  Overseer  
Show
View Real Time Build Order
Export as new Build Order

Lambo Zerg 

Build Orders: Hatch First 

Get SALT Encoding   

  12  0:00  Drone  
  13  0:12  Overlord  
  13  0:17  Drone  
  14  0:30  Drone x2  
  14  0:34  Drone  
  17  0:52  Hatchery  
  17  0:54  Drone  
  17  0:57  Drone  
  18  1:08  Extractor  
  17  1:12  Spawning Pool  
  17  1:15  Drone  
  17  1:18  Drone  
  18  1:27  Drone  
  19  1:40  Overlord  
  19  1:59  Queen, Zergling x2  
  19  2:01  Drone  
  23  2:03  Queen  
  23  2:04  Drone  
  26  2:08  Metabolic Boost  
  26  2:14  Drone  
  27  2:20  Drone  
  28  2:25  Zergling x2  
  28  2:28  Drone  
  30  2:36  Hatchery  
  29  2:42  Baneling Nest  
  29  2:43  Drone x2  
  30  2:46  Drone  
  30  2:51  Overlord  
  30  3:01  Zergling x2  
  30  3:02  Zergling x2  
  30  3:04  Zergling x2  
  33  3:11  Drone  
  34  3:20  Queen, Zergling x6  
  34  3:22  Drone  
  34  3:23  Drone  
  34  3:24  Drone x2  
  43  3:33  Zergling x2  
  43  3:39  Baneling x4  
  43  3:41  Drone  
  44  3:43  Extractor  
  44  3:44  Roach Warren  
  42  3:51  Zergling x8  
  45  3:56  Baneling x2  
  45  3:58  Drone x3  
  47  4:05  Drone x2  
  49  4:20  Overlord  
  49  4:25  Evolution Chamber  
  49  4:27  Drone  
  49  4:39  Zergling x6  
  49  4:41  Zergling x4  
  49  4:42  Zergling x4  
  56  4:52  Drone x2  
  56  5:00  Drone x5  
  56  5:02  Zerg Missile Weapons Level 1  
  56  5:05  Overlord  
  57  5:10  Overlord x2  
  57  5:11  Lair  
  57  5:15  Extractor  
  56  5:23  Queen  
  56  5:24  Roach x3  
  56  5:25  Spine Crawler  
  64  5:30  Roach x2  
  64  5:31  Roach x2  
  64  5:34  Roach x2  
  75  5:38  Roach  
  75  5:39  Roach  
  75  5:41  Drone  
  80  5:47  Drone  
  82  5:50  Overlord  
  82  5:51  Overlord  
  82  5:54  Extractor  
  82  5:56  Overlord  
  81  6:08  Overlord  
  81  6:11  Drone x7  
  88  6:13  Glial Reconstitution  
  88  6:16  Extractor  
  88  6:18  Drone, Extractor  
  88  6:24  Drone x2  
  82  6:47  Drone x7  
  82  6:48  Queen  
  82  6:51  Overlord  
  91  7:04  Roach x6  
  103  7:12  Roach x3  
  103  7:13  Roach  
  111  7:19  Overlord  
  111  7:20  Roach  
  113  7:24  Overlord  
  113  7:29  Overlord x2  
  113  7:35  Overlord  

Tags
 
Add a new tag
Caveats
  • Supply blocks, unpowered buildings, or Contaminate may cause inaccurate times.
  • Supply counts are checked every 10 seconds.